 Dungeon Crawl Stone Soup version 0.28-a0-1415-g7c84da036a (webtiles) character file.

Game seed: 10644330616440604495

25 zap2161 the Magician (level 2, 0/15 HPs)
             Began as a Deep Elf Hedge Wizard on Jan 7, 2022.
             Slain by a bat (1 damage)
             ... on level 1 of the Dungeon.
             The game lasted 00:09:54 (779 turns).

zap2161 the Magician (Deep Elf Hedge Wizard)         Turns: 779, Time: 00:09:56

Health: 0/15       AC:  2    Str:  7    XL:     2   Next: 82%
Magic:  0/10       EV: 12    Int: 18    God:
Gold:   45         SH:  0    Dex: 14    Spells: 7/11 levels left

rFire   . . .      SeeInvis .   a - +0 dagger
rCold   . . .      Faith    .   (no shield)
rNeg    . . .      Spirit   .   b - +0 robe
rPois   .          Reflect  .   c - +0 hat
rElec   .          Harm     .   (no cloak)
rCorr   .          Rampage  .   (no gloves)
Will    .....                   (no boots)
Stlth   ++........              (no amulet)
HPRegen 0.05/turn               (no ring)
MPRegen 0.12/turn               (no ring)

@: no status effects
A: no striking features
a: no special abilities


You were on level 1 of the Dungeon.
You visited 1 branch of the dungeon, and saw 1 of its levels.

You collected 45 gold pieces.

Inventory:

Hand Weapons
 a - a +0 dagger (weapon)
Missiles
 f - 2 boomerangs
 g - 25 stones
Armour
 b - a +0 robe (worn)
 c - a +0 hat (worn)
Scrolls
 e - a scroll of noise {unknown}
 h - 2 scrolls of identify {unknown}
Potions
 d - a potion of curing {unknown}
 i - a potion of mutation {unknown}


   Skills:
 * Level 2.5 Dodging
 * Level 2.7 Stealth
 * Level 5.2 Spellcasting
 * Level 1.3 Conjurations
 * Level 0.5 Hexes
 - Level 1.1 Summonings
 * Level 1.4 Translocations


You had 7 spell levels left.
You knew the following spells:

 Your Spells              Type           Power      Damage    Failure   Level
a - Magic Dart            Conj           36%        1d4       8%          1
b - Slow                  Hex            24%        N/A       11%         1
c - Blink                 Tloc           18%        N/A       11%         2

Your spell library contained the following spells:

 Spells                   Type           Power      Damage    Failure   Level
 Call Imp                 Summ           8%         N/A       13%         2
 Conjure Flame            Conj/Fire      7%         6-21      30%         3
 Mephitic Cloud           Conj/Pois/Air  6%         N/A       32%         3


Dungeon Overview and Level Annotations

Branches:
Dungeon (1/15)

Altars:


Message History

You hit the jackal.
The jackal is almost dead.
The jackal closely misses you.
Hit: a) +0 dagger
Press: ? - help, Dir - move target, f/p - jackal
Aim: a jackal (almost dead, about 44% to evade your +0 dagger)
You hit the jackal but do no damage.
The jackal is almost dead.
The jackal closely misses you. The jackal barely misses you.
Casting: Magic Dart (safe; 8% risk of failure)
Confirm with . or Enter, or press ? or * to list all spells.
Aiming: Magic Dart (safe; 8% risk of failure)
Press: ? - help, Shift-Dir - straight line, f/p - jackal
Aim: a jackal (almost dead, 100% to hit)
The magic dart hits the jackal.
You kill the jackal!
The bat closely misses you. The bat hits you.
* * * LOW HITPOINT WARNING * * *
Hit: a) +0 dagger
Press: ? - help, Dir - move target, f - bat
Aim: a bat (about 50% to evade your +0 dagger)
You hit the bat.
The bat is heavily wounded.
The bat hits you.
* * * LOW HITPOINT WARNING * * *
The bat barely misses you.
Hit: a) +0 dagger
Press: ? - help, Dir - move target, f/p - bat
Aim: a bat (heavily wounded, about 50% to evade your +0 dagger)
You hit the bat but do no damage.
The bat is heavily wounded.
The bat barely misses you.
Hit: a) +0 dagger
Press: ? - help, Dir - move target, f/p - bat
Aim: a bat (heavily wounded, about 50% to evade your +0 dagger)
You hit the bat.
The bat is severely wounded.
The bat barely misses you. The bat hits you.
You die...

#. #.#.#.......### #.
#.#.##....###
#[#####.#.##....#
#.............###
#^....)......##
##.#†####.#### #.#.#
#.# #.#b# #.# #.#@# #.#
##.#.# #.# ##.#..#
#.#####
##.###.####.#...#######
##.##
##...)........†... #.##
##.#..#...#####.# ##.#
##.##†.##### #[#
#.###..##..# #.#
#.#.#.##..# #.#


You could see a bat.

Vanquished Creatures
  A dart slug (D:1)
  3 ball pythons (D:1)
  5 bats (D:1)
  2 endoplasms (D:1)
  A goblin (D:1)
  A hobgoblin (D:1)
  A jackal (D:1)
  2 quokkas (D:1)
  A frilled lizard (D:1)
  A kobold (D:1)
  A rat (D:1)
19 creatures vanquished.

Notes
Turn   | Place    | Note
-------+----------+-------------------------------------------
     0 | D:1      | zap2161 the Deep Elf Hedge Wizard began the quest for the
                  | Orb.
     0 | D:1      | Reached XP level 1. HP: 10/10 MP: 7/7
    37 | D:1      | Learned a level 1 spell: Slow
   319 | D:1      | Reached XP level 2. HP: 15/15 MP: 4/9
   584 | D:1      | Reached skill level 5 in Spellcasting
   589 | D:1      | Learned a level 2 spell: Blink
   779 | D:1      | Slain by a bat

Illustrated notes

Levels and vault maps discovered:
D:1:      shiori_shiawase, layout_loops_ring

Skill      XL: |  1  2 |
---------------+-------+-----
Spellcasting   | 5 |  5.2
Dodging        | |  2.5
Stealth        | |  2.7
Conjurations   | |  1.3
Hexes          | |  0.5
Summonings     | |  1.1
Translocations | |  1.4

Action                   || total
-------------------------++-------
Melee: Dagger            ||    41
 Cast: Magic Dart        ||    53
       Slow              ||     5
       Blink             ||     1
Armor: Robe              ||    14
Dodge: Dodged            ||    53

Table legend: (Time is in decaauts)
 A = Elapsed time spent in this place.
 B = Non-inter-level travel time spent in this place.
 C = Inter-level travel time spent in this place.
 D = Time resting spent in this place.
 E = Time spent auto-exploring this place.
 F = Levels seen in this place.
 G = Mean time per level.
                   A        B        C        D        E       F      G
               +--------+--------+--------+--------+--------+-----+--------+
         Total |    779 |    779 |      0 |      0 |      0 |   1 |  779.0 |
       Dungeon |    779 |    779 |      0 |      0 |      0 |   1 |  779.0 |
               +--------+--------+--------+--------+--------+-----+--------+

Top non-repeatable levels by time:
     D:1: 779 daAuts
